 Dungeon Crawl Stone Soup version 0.26-a0-519-gb2f46efeda (webtiles) character file.

Game seed: 15946152200773010897

10091 Gargoyl the Fighter (level 11, -1/89 HPs)
             Began as a Gnoll Abyssal Knight on Aug 10, 2020.
             Was a High Priest of Lugonu.
             Slain by a black mamba (11 damage)
             ... on level 1 of the Lair of Beasts on Aug 11, 2020.
             The game lasted 00:16:07 (12605 turns).

Gargoyl the Fighter (Gnoll Abyssal Knight)         Turns: 12605, Time: 00:16:08

Health: -1/89      AC: 17    Str: 17    XL:     11   Next: 56%
Magic:  29/29      EV:  4    Int: 14    God:    Lugonu [*****.]
Gold:   837        SH:  0    Dex: 16    Spells: 22/22 levels left

rFire    . . .     SeeInvis +   u - +0 hand axe (venom)
rCold    + . .     Faith    .   (no shield)
rNeg     . . .     Spirit   .   w - +0 plate armour
rPois    +         Reflect  .   b - +2 helmet
rElec    .         Harm     .   B - +1 cloak "Xathru" {SInv}
rCorr    .                      (no gloves)
MR       +....                  j - +1 pair of boots
Stlth    ..........             (no amulet)
HPRegen  0.24/turn              q - ring of Jetimear {rPois rC+ MR+}
MPRegen  0.21/turn              t - ring of magical power

@: extremely drained
A: distributed training, fangs 1, strong nose
a: Depart the Abyss, Bend Space, Banish, Corrupt, Enter the Abyss, Renounce
Religion


You were on level 1 of the Lair of Beasts.
You worshipped Lugonu.
Lugonu was extremely pleased with you.
You visited 2 branches of the dungeon, and saw 10 of its levels.
You visited the Abyss 1 time.

You collected 837 gold pieces.

Inventory:

Hand Weapons
 e - a +3 hand axe
 s - a +1 antimagic war axe
 u - a +0 hand axe of venom (weapon)
Missiles
 d - 6 javelins (quivered)
Armour
 b - a +2 helmet (worn)
 c - a +2 cloak
 j - a +1 pair of boots (worn)
 w - a +0 plate armour (worn)
 B - the +1 cloak "Xathru" (worn) {SInv}
   (You found it on level 7 of the Dungeon)

   It lets you see invisible.
Jewellery
 q - the ring of Jetimear (left hand) {rPois rC+ MR+}
   (You found it on level 4 of the Dungeon)

   [ring of protection from magic]

   It protects you from cold.
   It protects you from poison.
   It affects your resistance to hostile enchantments.
 r - an uncursed ring of resist corrosion
 t - a ring of magical power (right hand)
 A - a cursed -4 ring of strength {unknown}
Wands
 a - a wand of disintegration (19)
 x - a wand of flame (17)
 z - a wand of paralysis (10)
Scrolls
 g - 4 scrolls of identify
 h - 2 scrolls of remove curse
 m - 9 scrolls of teleportation
 y - a scroll of magic mapping
 C - 4 scrolls of blinking
Potions
 f - 3 potions of curing
 k - a potion of haste
 l - a potion of might
 o - a potion of mutation {unknown}
 p - 2 potions of stabbing {unknown}
 v - a potion of cancellation {unknown}


   Skills:
 + Level 9.2(0.0) Fighting
 + Level 6.4(0.0) Short Blades
 + Level 6.4(0.0) Long Blades
 + Level 8.0(0.0) Axes
 + Level 6.4(0.0) Maces & Flails
 + Level 6.4(0.0) Polearms
 + Level 6.4(0.0) Staves
 + Level 6.4(0.0) Slings
 + Level 6.4(0.0) Bows
 + Level 6.4(0.0) Crossbows
 + Level 6.4(0.0) Throwing
 + Level 8.0(0.0) Armour
 + Level 7.0(0.0) Dodging
 + Level 6.4(0.0) Stealth
 + Level 6.4(0.0) Shields
 + Level 6.4(0.0) Unarmed Combat
 + Level 6.4(0.0) Spellcasting
 + Level 5.3(0.0) Conjurations
 + Level 5.3(0.0) Hexes
 + Level 5.3(0.0) Summonings
 + Level 5.3(0.0) Necromancy
 + Level 5.3(0.0) Translocations
 + Level 5.3(0.0) Transmutations
 + Level 5.3(0.0) Fire Magic
 + Level 5.3(0.0) Ice Magic
 + Level 5.3(0.0) Air Magic
 + Level 5.3(0.0) Earth Magic
 + Level 5.3(0.0) Poison Magic
 + Level 8.5(0.0) Invocations
 + Level 6.4(0.0) Evocations


You had 22 spell levels left.
You didn't know any spells.
Your spell library contained the following spells:

 Spells                   Type           Power        Failure   Level
 Freeze                   Ice            #...         100%        1
 Frozen Ramparts          Ice            #.....       100%        3
 Ozocubu's Armour         Ice            #.......     100%        3
 Hailstorm                Conj/Ice       #.......     100%        4
 Summon Ice Beast         Ice/Summ       #.......     100%        4


Dungeon Overview and Level Annotations

Branches:
Dungeon (9/15)             Temple (0/1) D:6            Lair (1/6) D:8
    Orc: D:9-12

Altars:
Dithmenos
Elyvilon
Okawaru
Qazlal
Ru

Annotations:
D:4 2 runed translucent doors, 2 transporters, ANON1729's ghost, amateur NaMo
Lair:1 Sonja
Abyss:1 Gastronok


Innate Abilities, Weirdness & Mutations

Your experience applies equally to all skills.
You have very sharp teeth.
Your uncanny sense of smell can sniff out nearby items.


Message History

You feel sick. The black mamba bites you!
* * * LOW HITPOINT WARNING * * *
You are lethally poisoned!
The black mamba poisons you! The black mamba bites you.
* * * LOW HITPOINT WARNING * * *
Your plate armour prevents you from hitting the black mamba.
The black mamba is moderately wounded.
* * * LOW HITPOINT WARNING * * *
You feel very sick.
The black mamba hisses angrily.
The black mamba bites you but does no damage. x2
You feel better.
The black mamba bites you but does no damage.
The black mamba completely misses you.
Press: ? - help, Shift-Dir - straight line, f - black mamba
Aim: a black mamba (moderately wounded, poisoned, chance to defeat MR: 79%)
You fail to use your ability.
The black mamba bites you but does no damage.
The black mamba bites you!
You die...

................# ..
..........#P....#
....# #..............#
......##.........#
..............#..##
..............#...#
..............#..##
........#.P....SS#
...........#.##.@#
....................#
.............##..#..#
.............#...##.#
........#....##.......
#.#..P##........###
... #......##...)##..
... #...##...........
... #...##.........


You could see 2 black mambas.

Vanquished Creatures
  Pikel (D:5)
  A komodo dragon (D:8)
  A rime drake (Lair:1)
  A hippogriff (D:8)
  Sigmund (D:2)
  9 yaks (Lair:1)
  3 water moccasins
  4 orc warriors
  4 sky beasts
  4 ice beasts
  2 black bears
  A necrophage (D:8)
  4 ogres
  2 phantoms (D:7)
  A crocodile (Lair:1)
  6 centaurs
  2 bullfrogs (D:8)
  Blork the orc (D:5)
  A big kobold (D:9)
  A water moccasin zombie (D:8)
  4 scorpions
  A water moccasin skeleton (D:8)
  5 killer bees (D:8)
  8 wights
  A howler monkey (D:5)
  A bullfrog zombie (D:7)
  A centaur zombie (D:7)
  7 hounds
  Crazy Yiuf (D:2)
  2 centaur skeletons
  2 orc priests (D:5)
  8 orc wizards
  An iguana (D:7)
  Jessica (D:2)
  6 worker ants
  A hound zombie (D:9)
  A hound skeleton (D:4)
  3 worker ant zombies
  2 howler monkey skeletons
  8 adders
  3 gnolls (D:5)
  3 white imps
  An ufetubus (D:6)
  An ooze (D:7)
  2 adder skeletons
  An adder zombie (D:7)
  2 worms
  4 dart slugs
  2 leopard geckos
  41 orcs
  10 bats
  5 giant cockroaches
  7 hobgoblins
  7 jackals
  11 kobolds
  6 quokkas
  6 ball pythons
  7 frilled lizards
  9 goblins
  A leopard gecko skeleton (D:7)
  2 leopard gecko zombies
  A quokka skeleton (D:7)
  A quokka zombie (D:9)
  6 rats
253 creatures vanquished.

Vanquished Creatures (collateral kills)
  Psyche (D:8)
1 creature vanquished.

Vanquished Creatures (others)
  2 plants
2 creatures vanquished.

Grand Total: 256 creatures vanquished

Notes
Turn   | Place    | Note
-------+----------+-------------------------------------------
     0 | Abyss:1  | Gargoyl the Gnoll Abyssal Knight began the quest for the
                  | Orb.
     0 | Abyss:1  | Reached XP level 1. HP: 23/23 MP: 3/3
    24 | Abyss:1  | Found a corrupted altar of Lugonu.
    44 | Abyss:1  | Found a corrupted altar of Lugonu.
   200 | Abyss:1  | Noticed a small abomination
   203 | Abyss:1  | Noticed a quasit
   228 | Abyss:1  | Noticed an orange demon
   230 | D:1      | Escaped the Abyss
   511 | D:1      | Reached XP level 2. HP: 27/29 MP: 5/5
   518 | D:1      | Reached * piety under Lugonu
   658 | D:1      | Reached XP level 3. HP: 35/35 MP: 6/6
  1200 | D:2      | Noticed Sigmund
  1436 | D:2      | Found a shadowy altar of Dithmenos.
  1436 | D:2      | Noticed Jessica
  1796 | D:2      | Reached skill level 1 in Short Blades
  1796 | D:2      | Reached skill level 1 in Long Blades
  1796 | D:2      | Reached skill level 1 in Maces & Flails
  1796 | D:2      | Reached skill level 1 in Polearms
  1796 | D:2      | Reached skill level 1 in Staves
  1796 | D:2      | Reached skill level 1 in Slings
  1796 | D:2      | Reached skill level 1 in Bows
  1796 | D:2      | Reached skill level 1 in Crossbows
  1796 | D:2      | Reached skill level 1 in Throwing
  1796 | D:2      | Reached skill level 1 in Stealth
  1796 | D:2      | Reached skill level 1 in Shields
  1796 | D:2      | Reached skill level 1 in Unarmed Combat
  1796 | D:2      | Reached skill level 1 in Spellcasting
  1796 | D:2      | Reached skill level 1 in Evocations
  1924 | D:2      | Found a runed translucent door.
  1925 | D:2      | Noticed Crazy Yiuf
  2003 | D:2      | Killed Sigmund
  2003 | D:2      | Reached skill level 1 in Conjurations
  2003 | D:2      | Reached skill level 1 in Hexes
  2003 | D:2      | Reached skill level 1 in Summonings
  2003 | D:2      | Reached skill level 1 in Necromancy
  2003 | D:2      | Reached skill level 1 in Translocations
  2003 | D:2      | Reached skill level 1 in Transmutations
  2003 | D:2      | Reached skill level 1 in Fire Magic
  2003 | D:2      | Reached skill level 1 in Ice Magic
  2003 | D:2      | Reached skill level 1 in Air Magic
  2003 | D:2      | Reached skill level 1 in Earth Magic
  2003 | D:2      | Reached skill level 1 in Poison Magic
  2003 | D:2      | Reached XP level 4. HP: 23/41 MP: 7/7
  2003 | D:2      | Reached XP level 5. HP: 26/47 MP: 8/8
  2009 | D:2      | Found an iron altar of Okawaru.
  2238 | D:2      | Killed Jessica
  2238 | D:2      | Reached skill level 5 in Invocations
  2238 | D:2      | Reached XP level 6. HP: 50/53 MP: 9/9
  2481 | D:2      | Killed Crazy Yiuf
  3029 | D:3      | Reached skill level 5 in Axes
  3029 | D:3      | Reached skill level 5 in Armour
  3227 | D:3      | Reached ** piety under Lugonu
  3864 | D:4      | Found a large runed translucent door.
  3864 | D:4      | Found a large runed translucent door.
  3873 | D:4      | Found a large runed translucent door.
  3873 | D:4      | Found a large runed translucent door.
  3944 | D:4      | Noticed a phantom
  3946 | D:4      | Noticed ANON1729's ghost (amateur NaMo)
  4074 | D:4      | Found a transporter.
  4076 | D:4      | Found a transporter.
  4179 | D:4      | Reached XP level 7. HP: 54/59 MP: 10/10
  4227 | D:4      | Reached skill level 7 in Fighting
  4303 | D:4      | Got a faintly glowing granite ring
  4304 | D:4      | Identified the ring of Jetimear {rPois rC+ MR+} (You found
                  | it on level 4 of the Dungeon)
  4758 | D:5      | Entered Level 5 of the Dungeon
  4858 | D:5      | Noticed Pikel
  4876 | D:5      | Killed Pikel
  4876 | D:5      | Reached XP level 8. HP: 46/67 MP: 7/12
  5347 | D:5      | Reached *** piety under Lugonu
  5397 | D:5      | Identified the +3 ring mail of Padul {rCorr Dex+3}
  5718 | D:5      | Noticed Blork the orc
  5730 | D:5      | Killed Blork the orc
  5900 | D:6      | Found a white marble altar of Elyvilon.
  6037 | D:6      | Found a stormy altar of Qazlal.
  6037 | D:6      | Noticed an air elemental
  6043 | D:6      | Noticed a water elemental
  6178 | D:6      | Reached XP level 9. HP: 67/72 MP: 14/14
  6513 | D:6      | Found a staircase to the Ecumenical Temple.
  6612 | D:6      | Reached skill level 5 in Dodging
  6864 | D:6      | Reached skill level 8 in Fighting
  7800 | D:7      | Got a scorched cloak
  7811 | D:7      | Identified the +1 cloak "Xathru" {SInv} (You found it on
                  | level 7 of the Dungeon)
  7836 | D:7      | Reached **** piety under Lugonu
  7868 | D:7      | Reached XP level 10. HP: 63/80 MP: 17/17
  8270 | D:8      | Reached skill level 5 in Short Blades
  8270 | D:8      | Reached skill level 5 in Long Blades
  8270 | D:8      | Reached skill level 5 in Maces & Flails
  8270 | D:8      | Reached skill level 5 in Polearms
  8270 | D:8      | Reached skill level 5 in Staves
  8270 | D:8      | Reached skill level 5 in Slings
  8270 | D:8      | Reached skill level 5 in Bows
  8270 | D:8      | Reached skill level 5 in Crossbows
  8270 | D:8      | Reached skill level 5 in Throwing
  8270 | D:8      | Reached skill level 5 in Stealth
  8270 | D:8      | Reached skill level 5 in Shields
  8270 | D:8      | Reached skill level 5 in Unarmed Combat
  8270 | D:8      | Reached skill level 5 in Spellcasting
  8270 | D:8      | Reached skill level 5 in Evocations
  8899 | D:8      | Found a staircase to the Lair.
  9081 | D:8      | Reached ***** piety under Lugonu
  9282 | D:8      | Noticed Psyche
  9291 | D:8      | Killed Psyche
  9629 | D:9      | Noticed Gastronok
  9640 | D:9      | Banished Gastronok
  9640 | D:9      | Reached XP level 11. HP: 38/86 MP: 19/19
  9992 | D:9      | Found a sacrificial altar of Ru.
 10166 | Lair:1   | Entered Level 1 of the Lair of Beasts
 10176 | Lair:1   | Noticed an eight-headed hydra
 10195 | D:8      | Reached skill level 9 in Fighting
 10542 | D:8      | HP: 1/88 [eight-headed hydra (7)]
 10906 | D:8      | Banished an eight-headed hydra
 10906 | D:8      | Reached skill level 5 in Conjurations
 10906 | D:8      | Reached skill level 5 in Hexes
 10906 | D:8      | Reached skill level 5 in Summonings
 10906 | D:8      | Reached skill level 5 in Necromancy
 10906 | D:8      | Reached skill level 5 in Translocations
 10906 | D:8      | Reached skill level 5 in Transmutations
 10906 | D:8      | Reached skill level 5 in Fire Magic
 10906 | D:8      | Reached skill level 5 in Ice Magic
 10906 | D:8      | Reached skill level 5 in Air Magic
 10906 | D:8      | Reached skill level 5 in Earth Magic
 10906 | D:8      | Reached skill level 5 in Poison Magic
 11200 | Lair:1   | Noticed Sonja
 12605 | Lair:1   | Slain by a black mamba

Illustrated notes

Levels and vault maps discovered:
D:1:      tarquinn_simple_flora_water_f, layout_basic, minmay_tromino_mix6
D:2:      layout_rooms, lemuel_doored_altar, grunt_dithmenos_smoke_and_mirrors,
          uniq_jessica, uniq_crazy_yiuf_cottage, uniq_sigmund
D:3:      layout_basic, nrook_loot_triangle
D:4:      layout_loops_ring, gammafunk_ghost_arena,
          minmay_misc_feat_more_columns, minmay_hollow_rounded_squares
D:5:      layout_basic, serial_rivers, chequers_serial_rivers_micro_d,
          chequers_serial_rivers_small_b, chequers_serial_rivers_micro_b,
          chequers_serial_rivers_room_b, chequers_serial_rivers_small_b,
          chequers_serial_rivers_marsh, uniq_pikel, uniq_blork_the_orc
D:6:      minmay_razor_zed, layout_basic, nicolae_qazlal_style_of_elements,
          kennysheep_mini_moat, minmay_temple_entry_overgrown
D:7:      layout_rooms
D:8:      layout_loops_ring, lair_entry_dummy, grunt_decor_one_mirror,
          uniq_psyche
D:9:      layout_cave_pools, serial_column_ruins, column_ruins_square_medium,
          column_ruins_hut, column_ruins_columns_straight,
          column_ruins_columns_straight, column_ruins_grid_1,
          column_ruins_columns_straight, column_ruins_open_small_water,
          nicolae_ru_awakened_eye, uniq_gastronok
Lair:1:   layout_gridlike, uniq_sonja

Skill      XL: |  1  2  3  4  5  6  7  8  9 10 11 |
---------------+----------------------------------+-----
Short Blades   | 1 2 3 4 5 6 |  6.4
Long Blades    | 1 2 3 4 5 6 |  6.4
Maces & Flails | 1 2 3 4 5 6 |  6.4
Polearms       | 1 2 3 4 5 6 |  6.4
Staves         | 1 2 3 4 5 6 |  6.4
Slings         | 1 2 3 4 5 6 |  6.4
Bows           | 1 2 3 4 5 6 |  6.4
Crossbows      | 1 2 3 4 5 6 |  6.4
Throwing       | 1 2 3 4 5 6 |  6.4
Stealth        | 1 2 3 4 5 6 |  6.4
Shields        | 1 2 3 4 5 6 |  6.4
Unarmed Combat | 1 2 3 4 5 6 |  6.4
Spellcasting   | 1 2 3 4 5 6 |  6.4
Evocations     | 1 2 3 4 5 6 |  6.4
Dodging        | 3 4 5 6 7 |  7.0
Conjurations   | 1 2 3 4 5 |  5.3
Hexes          | 1 2 3 4 5 |  5.3
Summonings     | 1 2 3 4 5 |  5.3
Necromancy     | 1 2 3 4 5 |  5.3
Translocations | 1 2 3 4 5 |  5.3
Transmutations | 1 2 3 4 5 |  5.3
Fire Magic     | 1 2 3 4 5 |  5.3
Ice Magic      | 1 2 3 4 5 |  5.3
Air Magic      | 1 2 3 4 5 |  5.3
Earth Magic    | 1 2 3 4 5 |  5.3
Poison Magic   | 1 2 3 4 5 |  5.3
Invocations    | 5 6 7 8 |  8.5
Axes           | 5 6 7 8 |  8.0
Armour         | 5 6 7 8 |  8.0
Fighting       | 7 8 9 |  9.2

Action                   |  1- 3 |  4- 6 |  7- 9 | 10-12 || total
-------------------------+-------+-------+-------+-------++-------
Melee: Hand axe          |   115 |   132 |   374 |   454 ||  1075
       Bite              |    10 |    16 |    68 |    70 ||   164
       Punch             |       |     1 |     4 |     2 ||     7
       War axe           |       |       |    49 |       ||    49
Throw: Javelin           |       |       |       |     9 ||     9
Invok: Depart the Abyss  |     1 |       |       |       ||     1
       Bend Space        |       |       |       |     2 ||     2
       Banish            |       |       |       |     2 ||     2
  Use: Potion            |     1 |     1 |       |     3 ||     5
       Scroll            |     3 |     4 |     9 |     2 ||    18
Armor: Chain mail        |    92 |    69 |   167 |       ||   328
       Leather armour    |    13 |       |       |       ||    13
       Plate armour      |       |       |   159 |   453 ||   612
Dodge: Dodged            |    79 |    47 |   189 |   202 ||   517

Table legend: (Time is in decaauts)
 A = Elapsed time spent in this place.
 B = Non-inter-level travel time spent in this place.
 C = Inter-level travel time spent in this place.
 D = Time resting spent in this place.
 E = Time spent auto-exploring this place.
 F = Levels seen in this place.
 G = Mean time per level.
                   A        B        C        D        E       F      G
               +--------+--------+--------+--------+--------+-----+--------+
         Total |  12683 |  12347 |    336 |   3850 |   6043 |  11 | 1153.0 |
       Dungeon |  10879 |  10545 |    334 |   2817 |   5632 |   9 | 1208.8 |
          Lair |   1574 |   1572 |      2 |   1004 |    256 |   1 | 1574.0 |
         Abyss |    230 |    230 |      0 |     29 |    155 |   1 |  230.0 |
               +--------+--------+--------+--------+--------+-----+--------+

Top non-repeatable levels by time:
     D:8: 1783 daAuts
     D:6: 1618 daAuts
  Lair:1: 1574 daAuts
     D:1: 1498 daAuts
     D:4: 1112 daAuts
     D:7: 1110 daAuts
     D:5: 1096 daAuts
     D:2: 1085 daAuts
     D:3: 861 daAuts
     D:9: 713 daAuts
 Abyss:1: 230 daAuts
